 Dungeon Sprint DCSS version 0.27-a0-1431-gcffa5a9b16 (webtiles) character file.

Game seed: 17183354023955219536

50299 mhtbhm the Archmage (level 14, -6/72 HPs)
             Began as a Deep Elf Earth Elementalist on July 2, 2021.
             Was the Champion of Vehumet.
             Mangled by a spark wasp (8 damage)
             ... in the Dungeon (Sprint IX: "|||||||||||||||||||||||||||||").
             The game lasted 00:16:00 (9545 turns).

mhtbhm the Archmage (Deep Elf Earth Elementalist)   Turns: 9545, Time: 00:16:00

Health: -6/72      AC:  5    Str:  5    XL:     14   Next: 19%
Magic:  31/47      EV: 19    Int: 29    God:    Vehumet [******]
Gold:   10         SH:  0    Dex: 15    Spells: 8/67 levels left

rFire    + . .     SeeInvis .   l - +2 halberd (protect)
rCold    + . .     Faith    .   (shield currently unavailable)
rNeg     . . .     Spirit   .   b - +0 robe {rC+ rF+}
rPois    .         Reflect  .   (no helmet)
rElec    .         Harm     .   y - +1 cloak
rCorr    .         Rampage  .   (no gloves)
Will     +....     NoTele   +   m - +0 pair of boots
Stlth    ++++......             (no amulet)
HPRegen  0.22/turn              p - +2 ring of evasion
MPRegen  0.30/turn              o - +3 ring of intelligence

@: no status effects
A: no striking features
a: Renounce Religion


You were in the Dungeon.
You worshipped Vehumet.
Vehumet was exalted by your worship.
You visited 1 branch You collected 1964 gold pieces.
You spent 1954 gold pieces at shops.

Inventory:

Hand Weapons
 l - a +2 halberd of protection (weapon)
Missiles
 i - 5 stones
 q - 5 curare-tipped darts (quivered)
 z - 6 silver javelins
Armour
 b - a +0 robe of resistance (worn)
 m - a +0 pair of boots (worn)
 y - a +1 cloak (worn)
Jewellery
 e - a ring of poison resistance
 o - a +3 ring of intelligence (right hand)
 p - a +2 ring of evasion (left hand)
 w - a ring of willpower
 x - a ring of willpower
Wands
 k - a wand of iceblast (5)
Scrolls
 a - a scroll of acquirement
 h - 6 scrolls of blinking
 j - 2 scrolls of amnesia
 n - 4 scrolls of enchant weapon
 t - 4 scrolls of fear
 u - 2 scrolls of fog
 v - a scroll of identify
Potions
 c - 6 potions of curing
 d - 8 potions of heal wounds
 f - 4 potions of magic
 g - a potion of berserk rage
 r - a potion of resistance
Miscellaneous
 s - a piece from Xom's chessboard (15/15)


   Skills:
 + Level 2.2 Fighting
 + Level 9.9 Dodging
 + Level 8.7 Stealth
 O Level 27 Spellcasting
 + Level 5.9 Conjurations
 + Level 9.2 Transmutations
 + Level 7.6 Ice Magic
 O Level 27 Earth Magic
 + Level 1.2 Evocations


You had 8 spell levels left.
You knew the following spells:

 Your Spells              Type           Power      Damage    Failure   Level
a - Sandblast             Erth           100%       2d20      0%          1
b - Passwall              Tmut/Erth      80%        N/A       0%          2
c - Stone Arrow           Conj/Erth      100%       3d13      0%          3
d - Lee's Rapid Deconstr  Erth           57%        3d27*     0%          5
e - Petrify               Tmut/Erth      97%        N/A       0%          4
f - Frozen Ramparts       Ice            100%       1d12      1%          3
g - Sticky Flame          Conj/Fire      54%        2d7       1%          4
h - Iron Shot             Conj/Erth      47%        9d9       1%          6
i - Statue Form           Tmut/Erth      64%        N/A       1%          6
j - Ignition              Fire           19%        3d7       100%        8
k - Lehudib's Crystal Sp  Conj/Erth      47%        10d11     1%          8
l - Shatter               Erth           57%        3d43*     1%          9

Your spell library contained the following spells:

 Spells                   Type           Power      Damage    Failure   Level
 Polar Vortex             Ice            35%        N/A       99%         9
 Iskenderun's Battlesphe  Conj           65%        2d11      1%          5
 Metabolic Englaciation   Hex/Ice        28%        N/A       3%          5
 Spellforged Servitor     Conj/Summ      27%        N/A       38%         7


Dungeon Overview and Level Annotations

Branches:
Dungeon (1/1)

Altars:
Cheibriados
Dithmenos
Elyvilon
Fedhas
Gozag
Hepliaklqana
Kikubaaqudgha
Makhleb
Nemelex Xobeh
Okawaru
Qazlal
Ru
Sif Muna
Trog
Uskayaw
Vehumet
Wu Jian
Xom
Yredelemnul
Zin
The Shining One
Beogh
Jiyva
Lugonu

Shops:
D :??:


Message History

The ettin misses you.
The ettin hits you with a +0 dire flail!
Your Dodging skill increases to level 9!
Your Ice Magic skill increases to level 6!
Unknown command.
Casting: Shatter (dangerous; 1% risk of failure)
Confirm with . or Enter, or press ? or * to list all spells.
The dungeon rumbles!
You kill the ettin!
Vehumet accepts your kill.
You kill the hell knight!
Vehumet accepts your kill.
You feel your power returning.
You kill the stone giant!
Vehumet accepts your kill.
You feel your power returning.
The spark wasp is severely wounded.
The great orb of eyes is severely wounded.
You hear a shout! x2
A stone giant comes into view.
The spark wasp bursts into living lightning!
The living lightning misses you.
The spark wasp blinks!
Your Fighting skill increases to level 2!
Your Stealth skill increases to level 8!
Your Ice Magic skill increases to level 7!
Unknown command.
Casting: Shatter (dangerous; 1% risk of failure)
Confirm with . or Enter, or press ? or * to list all spells.
The dungeon rumbles!
The spark wasp is severely wounded.
You kill the great orb of eyes!
Vehumet accepts your kill.
You feel your power returning.
The stone giant is almost dead.
You hear a shout!
The stone giant throws a large rock.
The large rock hits you!!!
Ouch! That really hurt!
* * * LOW HITPOINT WARNING * * *
The spark wasp stings you!
You die...

.[[[[()[[))))))))).=)..'.........
▓▓▓▓▓▓▓▓▓▓▓▓▓▓▓▓▓▓▓▓▓▓▓▓▓▓▓▓▓▓▓▓▓
...................†..)..........
▓▓▓▓▓▓▓▓▓▓▓▓▓▓▓▓▓▓▓▓▓▓▓▓▓▓▓▓▓▓▓▓.
.......'÷........'....†.....).)..
▓▓▓▓▓▓▓▓▓▓▓▓▓▓▓▓▓▓▓▓▓▓▓▓▓▓▓▓▓▓▓▓▓
.................................
▓▓▓▓▓▓▓▓▓▓▓▓▓▓▓▓▓▓▓▓▓▓▓▓▓▓▓▓▓▓▓▓.
C.§().)@y...............
▓▓▓▓▓▓▓▓▓▓▓▓▓▓▓▓▓▓▓▓▓▓▓▓


You could see a stone giant and a spark wasp.

Vanquished Creatures
  Saint Roka (D)
  Rupert (D)
  Aizul (D)
  A stone giant (D)
  An entropy weaver (D)
  A dire elephant (D)
  A bunyip (D)
  A merfolk javelineer (D)
  3 ettins (D)
  2 eleionomae (D)
  2 fire dragons (D)
  A great orb of eyes (D)
  A salamander tyrant (D)
  2 boulder beetles (D)
  A hydra (D)
  An ice dragon (D)
  A naga warrior (D)
  An anaconda (D)
  An alligator snapping turtle (D)
  2 centaur warriors (D)
  An alligator (D)
  A two-headed ogre (D)
  6 orc high priests (D)
  Sonja (D)
  2 hell knights (D)
  2 shock serpents (D)
  A sea snake (D)
  A bog body (D)
  A necromancer (D)
  An orc sorcerer (D)
  An orc knight (D)
  An orb spider (D)
  3 ugly things (D)
  2 wolf spiders (D)
  A mana viper (D)
  2 cyclopes (D)
  An oklob plant (D)
  A will-o-the-wisp (D)
  A water nymph (D)
  A guardian serpent (D)
  3 black mambas (D)
  7 elephants (D)
  4 cane toads (D)
  Psyche (D)
  3 komodo dragons (D)
  A demonic crawler (D)
  2 tyrant leeches (D)
  A meliai (D)
  2 jumping spiders (D)
  2 merfolk (D)
  A troll (D)
  A polar bear (shapeshifter) (D)
  2 blink frogs (D)
  A dream sheep (D)
  A snapping turtle (D)
  A redback (D)
  A water elemental (D)
  A tarantella (D)
  A wraith (D)
  A wyvern (D)
  Eustachio (D)
  2 basilisks (D)
  A steam dragon (D)
  An acid dragon (D)
  2 water moccasins (D)
  13 orc warriors (D)
  A black bear (D)
  A centaur (D)
  A wolf (D)
  A kobold brigand (D)
  2 bullfrogs (D)
  A howler monkey (D)
  13 orc priests (D)
  A hound (D)
  A jelly (D)
  5 orc wizards (D)
  An adder (D)
  6 orcs (D)
  A ball python (D)
  An endoplasm (D)
  A goblin (D)
  A hobgoblin (D)
  A kobold (D)
  A quokka simulacrum (D)
154 creatures vanquished.

Notes
Turn   | Place    | Note
-------+----------+-------------------------------------------
     0 | D        | mhtbhm the Deep Elf Earth Elementalist began the quest for
                  | the Orb.
     0 | D        | Reached XP level 1. HP: 10/10 MP: 6/6
    70 | D        | Noticed a hound
    70 | D        | Noticed a black bear
    70 | D        | Noticed a jelly
    70 | D        | Noticed a howler monkey
    73 | D        | Killed a howler monkey
    74 | D        | Reached skill level 5 in Spellcasting
    74 | D        | Reached XP level 2. HP: 13/15 MP: 4/10
    74 | D        | Reached XP level 3. HP: 17/19 MP: 4/12
    77 | D        | Reached XP level 4. HP: 22/24 MP: 1/14
   168 | D        | Learned a level 2 spell: Passwall
   172 | D        | Learned a level 3 spell: Stone Arrow
   198 | D        | Killed a black bear
   199 | D        | Reached XP level 5. HP: 21/28 MP: 7/17
   277 | D        | Found a snail-covered altar of Cheibriados.
   277 | D        | Found a shadowy altar of Dithmenos.
   277 | D        | Found a white marble altar of Elyvilon.
   277 | D        | Found a blossoming altar of Fedhas.
   277 | D        | Found an opulent altar of Gozag.
   278 | D        | Found a hazy altar of Hepliaklqana.
   279 | D        | Found a viscous altar of Jiyva.
   280 | D        | Found an ancient bone altar of Kikubaaqudgha.
   281 | D        | Found a corrupted altar of Lugonu.
   282 | D        | Found a burning altar of Makhleb.
   283 | D        | Found a sparkling altar of Nemelex Xobeh.
   284 | D        | Found an iron altar of Okawaru.
   285 | D        | Found a stormy altar of Qazlal.
   286 | D        | Found a sacrificial altar of Ru.
   287 | D        | Found a shimmering blue altar of Sif Muna.
   288 | D        | Found a bloodstained altar of Trog.
   289 | D        | Found a hide-covered altar of Uskayaw.
   290 | D        | Found a radiant altar of Vehumet.
   291 | D        | Found an ornate altar of the Wu Jian Council.
   292 | D        | Found a shimmering altar of Xom.
   293 | D        | Found a basalt altar of Yredelemnul.
   294 | D        | Found a glowing silver altar of Zin.
   295 | D        | Found a glowing golden altar of the Shining One.
   300 | D        | Became a worshipper of Vehumet
   344 | D        | Learned a level 5 spell: Lee's Rapid Deconstruction
   349 | D        | Learned a level 4 spell: Petrify
   349 | D        | Noticed an acid dragon
   349 | D        | Noticed a wyvern
   349 | D        | Noticed an orc warrior
   349 | D        | Noticed a steam dragon
   349 | D        | Noticed a two-headed ogre
   366 | D        | Killed a two-headed ogre
   367 | D        | Reached skill level 5 in Stealth
   367 | D        | Reached XP level 6. HP: 22/32 MP: 3/24
   367 | D        | Reached XP level 7. HP: 25/36 MP: 3/25
   495 | D        | Killed a steam dragon
   500 | D        | Reached * piety under Vehumet
   500 | D        | Offered knowledge of Shock by Vehumet.
   501 | D        | Reached XP level 8. HP: 41/41 MP: 6/27
   919 | D        | Offered knowledge of Static Discharge by Vehumet.
   919 | D        | Reached ** piety under Vehumet
  1162 | D        | Noticed a centaur warrior
  1162 | D        | Noticed a troll
  1162 | D        | Noticed a polar bear
  1162 | D        | Noticed a brown ugly thing
  1162 | D        | Noticed a komodo dragon
  1165 | D        | Killed a komodo dragon
  1166 | D        | Reached skill level 15 in Spellcasting
  1166 | D        | Killed a brown ugly thing
  1167 | D        | Reached skill level 15 in Earth Magic
  1167 | D        | Reached XP level 9. HP: 45/45 MP: 19/30
  1167 | D        | Killed a polar bear
  1167 | D        | Offered knowledge of Frozen Ramparts by Vehumet.
  1168 | D        | Killed a troll
  1168 | D        | Reached *** piety under Vehumet
  1171 | D        | Killed a centaur warrior
  1336 | D        | Learned a level 3 spell: Frozen Ramparts
  1438 | D        | Noticed a komodo dragon
  1438 | D        | Noticed a black mamba
  1438 | D        | Noticed a cane toad
  1440 | D        | Offered knowledge of Sticky Flame by Vehumet.
  1445 | D        | Reached **** piety under Vehumet
  1445 | D        | Killed a cane toad
  1446 | D        | Noticed a cane toad
  1447 | D        | Killed a black mamba
  1448 | D        | Reached XP level 10. HP: 37/50 MP: 23/34
  1451 | D        | Reached ***** piety under Vehumet
  1453 | D        | HP: 2/50 [cane toad (20)]
  1456 | D        | Killed a cane toad
  1740 | D        | Learned a level 4 spell: Sticky Flame
  1741 | D        | Noticed a cane toad
  1741 | D        | Noticed a cane toad
  1741 | D        | Noticed an oklob plant
  1748 | D        | Killed an oklob plant
  1748 | D        | Offered knowledge of Dazzling Flash by Vehumet.
  2019 | D        | Offered knowledge of Hailstorm by Vehumet.
  2021 | D        | Killed a cane toad
  2022 | D        | Killed a cane toad
  2264 | D        | Noticed an elephant
  2264 | D        | Noticed an elephant
  2264 | D        | Noticed an elephant
  2264 | D        | Noticed a dire elephant
  2264 | D        | Noticed an elephant
  2264 | D        | Noticed an elephant
  2268 | D        | Killed an elephant
  2270 | D        | Noticed an elephant
  2505 | D        | Killed an elephant
  2505 | D        | Offered knowledge of Starburst by Vehumet.
  2704 | D        | Killed a dire elephant
  2705 | D        | Reached XP level 11. HP: 23/55 MP: 25/38
  2823 | D        | Reached skill level 1 in Conjurations
  3060 | D        | Reached skill level 1 in Fighting
  3794 | D        | Reached ****** piety under Vehumet
  3802 | D        | Offered knowledge of Spellforged Servitor by Vehumet.
  4124 | D        | Noticed an orc knight
  4124 | D        | Noticed an orc high priest
  4127 | D        | Killed an orc high priest
  4129 | D        | Offered knowledge of Iskenderun's Battlesphere by Vehumet.
  4131 | D        | Noticed an orc high priest
  4135 | D        | Killed an orc knight
  4137 | D        | Killed an orc high priest
  4388 | D        | Noticed an orc sorcerer
  4392 | D        | Killed an orc sorcerer
  4398 | D        | Offered knowledge of Iron Shot by Vehumet.
  4406 | D        | Learned a level 6 spell: Iron Shot
  4527 | D        | Found Ytuudugu's Book Boutique.
  4527 | D        | Noticed an orc high priest
  4527 | D        | Noticed an orc high priest
  4530 | D        | Killed an orc high priest
  4536 | D        | Killed an orc high priest
  4705 | D        | Offered knowledge of Orb of Destruction by Vehumet.
  4922 | D        | Found Zofamukh's Magic Scroll Shop.
  4926 | D        | Found Laisch's Magic Scroll Boutique.
  4929 | D        | Found Usymp's Book Shop.
  4931 | D        | Noticed an orc high priest
  4934 | D        | Killed an orc high priest
  4937 | D        | Noticed an orc high priest
  4941 | D        | Killed an orc high priest
  4942 | D        | Reached XP level 12. HP: 60/60 MP: 19/42
  5034 | D        | Bought a scroll of blinking for 90 gold pieces
  5034 | D        | Bought a scroll of blinking for 90 gold pieces
  5034 | D        | Bought a scroll of blinking for 90 gold pieces
  5038 | D        | Bought a book of Power for 462 gold pieces
  5038 | D        | Bought a book of Sloth for 396 gold pieces
  5040 | D        | Bought a scroll of acquirement for 728 gold pieces
  5040 | D        | Bought 2 scrolls of fear for 98 gold pieces
  5047 | D        | Learned a level 6 spell: Statue Form
  5081 | D        | Noticed Psyche
  5083 | D        | Killed Psyche
  5083 | D        | Offered knowledge of Ignition by Vehumet.
  5124 | D        | Learned a level 8 spell: Ignition
  5141 | D        | Noticed Eustachio
  5149 | D        | Killed Eustachio
  5352 | D        | Noticed Sonja
  5355 | D        | Killed Sonja
  5479 | D        | Noticed a centaur warrior
  5479 | D        | Noticed a boulder beetle
  5489 | D        | Reached skill level 5 in Transmutations
  5490 | D        | Killed a boulder beetle
  5490 | D        | Killed a centaur warrior
  5661 | D        | Offered knowledge of Lehudib's Crystal Spear by Vehumet.
  5661 | D        | Offered knowledge of Shatter by Vehumet.
  5661 | D        | Offered knowledge of Polar Vortex by Vehumet.
  5663 | D        | Noticed a boulder beetle
  5668 | D        | Killed a boulder beetle
  5739 | D        | Noticed an ettin
  5743 | D        | Killed an ettin
  5865 | D        | Noticed an ice dragon
  6153 | D        | Killed an ice dragon
  6253 | D        | Noticed a fire dragon
  6257 | D        | Killed a fire dragon
  6401 | D        | Noticed an ettin
  6405 | D        | Killed an ettin
  6419 | D        | Noticed a fire dragon
  6425 | D        | Killed a fire dragon
  6703 | D        | Noticed Saint Roka
  6894 | D        | Killed Saint Roka
  6895 | D        | Reached XP level 13. HP: 20/64 MP: 9/45
  7300 | D        | Noticed a merfolk javelineer
  7506 | D        | Learned a level 8 spell: Lehudib's Crystal Spear
  7516 | D        | Learned a level 9 spell: Shatter
  7787 | D        | Killed a merfolk javelineer
  7788 | D        | Reached skill level 1 in Evocations
  8437 | D        | Reached skill level 27 in Spellcasting
  8648 | D        | Reached skill level 5 in Conjurations
  8823 | D        | Noticed an entropy weaver
  8830 | D        | Killed an entropy weaver
  9037 | D        | Noticed an eleionoma
  9038 | D        | Killed an eleionoma
  9039 | D        | Noticed an eleionoma
  9042 | D        | Killed an eleionoma
  9046 | D        | Noticed a bunyip
  9047 | D        | Killed a bunyip
  9187 | D        | Noticed Rupert
  9190 | D        | Killed Rupert
  9191 | D        | Reached skill level 27 in Earth Magic
  9191 | D        | Reached XP level 14. HP: 70/70 MP: 34/47
  9303 | D        | Noticed Aizul
  9306 | D        | Killed Aizul
  9307 | D        | Reached skill level 5 in Ice Magic
  9542 | D        | Noticed a stone giant
  9544 | D        | Killed a stone giant
  9544 | D        | Noticed a stone giant
  9545 | D        | HP: 2/72 [stone giant/large rock (59)]
  9545 | D        | Mangled by a spark wasp

Illustrated notes

Levels and vault maps discovered:
D:        linesprint [early_d, line_temple, items_1, d_10, items_2, lair_1,
          lair_end, items_3, orc_1, orc_end, items_4, d_15, swamp_1, shoals_1,
          snake_1, spider_1, d_20, vaults_1, items_5, swamp_end, shoals_end,
          snake_end, spider_end, vaults_end, d_27, items_6, zot_1, zot_end,
          crypt_end, forest_end, elf_end, slime_end, tomb_end, abyss_end,
          pan_hell_end]

Skill      XL: |  1  2  3  4  5  6  7  8  9 10 11 12 13 14 |
---------------+-------------------------------------------+-----
Spellcasting   | 5 6 8 13 15 18 21 24 26 27 | 27.0
Earth Magic    | 6 7 8 12 13 15 17 19 21 23 27 | 27.0
Dodging        | 3 4 6 7 8 9 |  9.9
Stealth        | 3 4 5 6 7 8 |  8.7
Transmutations | 2 3 4 7 9 |  9.2
Conjurations   | 1 4 5 |  5.9
Fighting       | 1 2 |  2.2
Evocations     | 1 |  1.2
Ice Magic      | 3 7 |  7.6

Action                   |  1- 3 |  4- 6 |  7- 9 | 10-12 | 13-15 || total
-------------------------+-------+-------+-------+-------+-------++-------
Melee: Halberd           |       |       |       |       |     1 ||     1
 Cast: Sandblast         |    11 |     3 |     6 |     3 |     2 ||    25
       Stone Arrow       |       |     1 |       |    10 |     3 ||    14
       Lee's Rapid Decon |       |     3 |    18 |   128 |    50 ||   199
       Petrify           |       |       |     1 |    39 |    21 ||    61
       Frozen Ramparts   |       |       |     1 |       |     1 ||     2
       Iron Shot         |       |       |       |     7 |    10 ||    17
       Shatter           |       |       |       |       |    14 ||    14
Evoke: Piece from Xom's  |       |       |       |     1 |       ||     1
       Wand              |       |       |       |       |     5 ||     5
  Use: Potion            |       |     1 |       |     8 |       ||     9
       Scroll            |       |       |       |       |     1 ||     1
 Stab: Petrified         |       |       |       |       |     1 ||     1
Armor: Robe              |       |     2 |       |       |     1 ||     3
       Steam dragon scal |       |       |       |     3 |       ||     3
Dodge: Dodged            |     3 |     4 |     4 |    11 |    19 ||    41

Table legend: (Time is in decaauts)
 A = Elapsed time spent in this place.
 B = Non-inter-level travel time spent in this place.
 C = Inter-level travel time spent in this place.
 D = Time resting spent in this place.
 E = Time spent auto-exploring this place.
 F = Levels seen in this place.
 G = Mean time per level.
                   A        B        C        D        E       F      G
               +--------+--------+--------+--------+--------+-----+--------+
         Total |   9506 |   9506 |      0 |   6729 |   1287 |   1 | 9506.0 |
       Dungeon |   9506 |   9506 |      0 |   6729 |   1287 |   1 | 9506.0 |
               +--------+--------+--------+--------+--------+-----+--------+

Top non-repeatable levels by time:
       D: 9506 daAuts
